Philadelphia Phantoms vs Tucson Roadrunners

Created - Saturday, June 14, 2025 at 07:57

Goals
1 2 3 T
Philadelphia Phantoms 0 2 1 3
Tucson Roadrunners 1 2 1 4
Shots
1 2 3 T
Philadelphia Phantoms 7 18 9 34
Tucson Roadrunners 9 8 8 25

1st period

1. Tucson Roadrunners , Walker Duehr 4 (Steven Lorentz 3) at 19:13

Penalties :
Ben Jones (TRR) for Fighting (Major) at 6:48, Adam Klapka (PHP) for Fighting (Major) at 6:48, Walker Duehr (TRR) for Interference (Minor) at 14:36, Matt Rempe (PHP) for Hooking (Minor) at 19:50

2nd period

2. Tucson Roadrunners , Walker Duehr 5 (Steven Lorentz 4) at 0:06 (PP)
3. Philadelphia Phantoms , Egor Afanasyev 5 (Ryan Johnson 4) at 0:54
4. Tucson Roadrunners , Anthony Richard 4 (Maxwell Crozier 2, Sheldon Dries 2) at 16:23
5. Philadelphia Phantoms , Tye Kartye 5 (Egor Afanasyev 10) at 17:02 (PP)

Penalties :
Walker Duehr (TRR) for Cross-checking (Minor) at 8:27, Owen Sillinger (TRR) for Cross-checking (Minor) at 17:01, Ryan Winterton (PHP) for Elbowing (Minor) at 19:18

3rd period

6. Philadelphia Phantoms , Luca Del Bel Belluz 8 (Alex Steeves 8, Ryan Johnson 5) at 14:31 (PP)
7. Tucson Roadrunners , Gage Goncalves 1 (Johnathan Kovacevic 9, Tyson Barrie 7) at 17:02

Penalties :
Gage Goncalves (TRR) for Interference (Minor) at 14:02, Sheldon Dries (TRR) for High sticking (Minor) at 18:25

Goalie Stats

Dennis Hildeby (PHP), 21 saves from 25 shots - (0.840), L, 5-2-1, 58:37 minutes
Hunter Shepard (TRR), 31 saves from 34 shots - (0.912), W, 7-2-0, 60:00 minutes

Players Stats for Philadelphia Phantoms

Player Name              G  A  P  +/- PIM S  H  SB GA TA FO     MP     PP MP  PK MP  
------------------------------------------------------------------------------------
                         0  0  0   0  0   0  0  0  0  0  0/0     0:00   0:00   0:00 
Adam Klapka              0  0  0  -1  5   2  2  0  0  0  5/11   12:35   0:54   0:00 
Alex Steeves             0  1  1   0  0   2  1  0  0  0  0/0    14:13   2:25   0:00 
Egor Afanasyev           1  1  2   0  0   6  0  0  0  0  12/15  16:45   2:31   1:09 
Jack McBain              0  0  0   0  0   2  2  0  0  1  4/8    17:21   2:10   1:06 
James Malatesta          0  0  0  -1  0   0  4  0  0  0  0/1    13:57   1:30   0:00 
Jaret Anderson-Dolan     0  0  0  -1  0   1  1  0  0  0  0/0    15:09   0:20   1:06 
Juuso Parssinen          0  0  0   0  0   0  1  0  2  0  0/1    13:13   1:33   0:00 
Louis Crevier            0  0  0   0  0   1  1  1  1  1  0/0    20:06   3:05   1:13 
Luca Del Bel Belluz      1  0  1  -1  0   3  0  0  0  0  9/21   16:47   3:13   0:00 
Marcus Bjork             0  0  0   0  0   0  0  1  0  0  0/0    19:38   1:39   0:00 
Matt Rempe               0  0  0  -1  2   2  3  0  1  0  0/0    12:57   0:00   0:00 
Nick Blankenburg         0  0  0  -2  0   4  0  0  1  0  0/0    19:27   0:39   1:02 
Nils Aman                0  0  0   0  0   3  1  1  0  0  0/0    14:37   0:10   1:09 
Reilly Walsh             0  0  0   0  0   2  1  1  0  0  0/0    16:54   0:39   0:00 
Ryan Johnson             0  2  2  -2  0   1  1  2  0  1  0/0    22:02   3:44   1:02 
Ryan Winterton           0  0  0  -1  2   0  1  0  0  1  0/0    14:59   1:00   0:00 
Tye Kartye               1  0  1   0  0   2  1  2  0  0  0/1    15:42   2:20   0:00 
Zac Jones                0  0  0   0  0   3  0  1  0  1  0/0    21:20   2:18   1:13 

Players Stats for Tucson Roadrunners

Player Name              G  A  P  +/- PIM S  H  SB GA TA FO     MP     PP MP  PK MP  
------------------------------------------------------------------------------------
                         0  0  0   0  0   0  0  0  0  0  0/0     0:00   0:00   0:00 
Anthony Richard          1  0  1   1  0   2  2  1  0  0  6/15   16:52   1:09   2:39 
Ben Jones                0  0  0   1  5   1  2  0  0  0  0/0    13:15   0:00   0:00 
Brock McGinn             0  0  0   1  0   1  3  0  1  0  2/2    21:36   1:09   2:36 
Gage Goncalves           1  0  1   1  2   1  4  2  1  1  4/11   14:18   0:00   0:00 
Johnathan Kovacevic      0  1  1   2  0   2  1  1  0  1  0/0    26:39   1:06   3:35 
Maksymilian Szuber       0  0  0   0  0   0  0  1  0  0  0/0    13:40   0:00   0:00 
Maxwell Crozier          0  1  1   0  0   1  0  0  0  0  0/0    19:41   1:09   2:27 
Mike Hardman             0  0  0   0  0   2  3  0  1  0  1/1    18:31   1:06   1:07 
Ondrej Pavel             0  0  0   0  0   0  1  0  0  0  0/0     9:40   0:00   1:10 
Owen Sillinger           0  0  0   1  2   1  2  1  1  1  2/3    16:24   0:00   2:12 
Robert Hagg              0  0  0   0  0   1  1  3  0  0  0/0    19:41   1:09   2:27 
Sheldon Dries            0  1  1   1  2   1  2  0  0  1  1/3    15:03   1:09   1:12 
Steven Lorentz           0  2  2   0  0   3  0  2  0  0  0/0    16:56   1:06   0:00 
Tanner Dickinson         0  0  0   0  0   0  0  0  0  0  0/0     4:24   0:00   0:00 
Topias Vilen             0  0  0   0  0   0  1  3  1  0  0/0    13:40   0:00   0:00 
Tyson Barrie             0  1  1   2  0   5  1  0  0  0  0/0    26:39   1:06   3:35 
Walker Duehr             2  0  2   0  4   4  3  0  0  0  7/17   18:16   1:06   1:01 
Zach Dean                0  0  0   0  0   0  1  1  0  1  5/6     8:37   0:00   0:07 

3 Stars

1 - Walker Duehr (TRR)
2 - Anthony Richard (TRR)
3 - Gage Goncalves (TRR)

Power Play

Philadelphia Phantoms - 2 on 5 Attempt(s) - 40.00%
Tucson Roadrunners - 1 on 2 Attempt(s) - 50.00%

Penalty Kill

Philadelphia Phantoms - 1 on 2 Attempt(s) - 50.00% - Score 0 goal in Penalty Kill
Tucson Roadrunners - 3 on 5 Attempt(s) - 60.00% - Score 0 goal in Penalty Kill

Team Stat

Philadelphia Phantoms - Hits : 20 - Faceoff Wins : 30 - Blocked Shots : 9 - Penalty Minutes : 9
Tucson Roadrunners - Hits : 27 - Faceoff Wins : 28 - Blocked Shots : 15 - Penalty Minutes : 15

Official

Referees : Justin St. Pierre and Pierre Lambert
Linesman : Ryan Galloway and Brad Kovachik

Game Notes

Ben Jones and Adam Klapka fight to a draw at 6:48 of 1st period

Philadelphia Phantoms

5 vs 5 Forward 
   Center                   Left Wing                Right Wing               Time % Phy DF OF 
 1 Egor Afanasyev           Juuso Parssinen          Alex Steeves             25     0   1  4  
 2 Jack McBain              Tye Kartye               Nils Aman                25     0   1  4  
 3 Luca Del Bel Belluz      James Malatesta          Jaret Anderson-Dolan     25     0   1  4  
 4 Adam Klapka              Ryan Winterton           Matt Rempe               25     0   2  3  

5 vs 5 Defense 
   Defense                  Defense                                           Time % Phy DF OF 
 1 Zac Jones                Marcus Bjork                                      35     0   3  2  
 2 Louis Crevier            Reilly Walsh                                      35     0   3  2  
 3 Ryan Johnson             Nick Blankenburg                                  30     0   3  2  
 4 Zac Jones                Marcus Bjork                                      0      0   3  2  

PowerPlay Forward 
   Center                   Left Wing                Right Wing               Time % Phy DF OF 
 1 Jack McBain              Juuso Parssinen          Luca Del Bel Belluz      50     0   0  5  
 2 Egor Afanasyev           Tye Kartye               Alex Steeves             50     0   0  5  

PowerPlay Defense
   Defense                  Defense                                           Time % Phy DF OF 
 1 Zac Jones                Ryan Johnson                                      50     0   1  4  
 2 Louis Crevier            Marcus Bjork                                      50     0   1  4  

Penalty Kill 4 Players Forward 
   Center                   Wing                     Time % Phy DF OF 
 1 Jack McBain              Jaret Anderson-Dolan     50     0   5  0  
 2 Egor Afanasyev           Nils Aman                50     0   5  0  

Penalty Kill 4 Players Defense
   Defense                  Defense                  Time % Phy DF OF 
 1 Zac Jones                Louis Crevier            50     0   5  0  
 2 Ryan Johnson             Nick Blankenburg         50     0   5  0  

Penalty Kill - 3 Players Forward 
   Forward                                           Time % Phy DF OF 
 1 Jack McBain                                       50     0   5  0  
 2 Egor Afanasyev                                    50     0   5  0  

Penalty Kill - 3 Players Defense
   Defense                  Defense                  Time % Phy DF OF 
 1 Zac Jones                Louis Crevier            50     0   5  0  
 2 Ryan Johnson             Nick Blankenburg         50     0   5  0  

4 vs 4 Forward 
   Center                   Wing                     Time % Phy DF OF 
 1 Egor Afanasyev           Alex Steeves             50     0   1  4  
 2 Jack McBain              Juuso Parssinen          50     0   2  3  

4 vs 4 Defense
   Defense                  Defense                  Time % Phy DF OF 
 1 Zac Jones                Marcus Bjork             50     0   3  2  
 2 Louis Crevier            Reilly Walsh             50     0   3  2  

Last Minutes Offensive
   Center                   Left Wing                Right Wing               Defense                  Defense                  
   Egor Afanasyev           Tye Kartye               Alex Steeves             Zac Jones                Ryan Johnson             

Last Minutes Defensive
   Center                   Left Wing                Right Wing               Defense                  Defense                  
   Jack McBain              Jaret Anderson-Dolan     Nils Aman                Zac Jones                Louis Crevier            

Goaltenders
Starting : Dennis Hildeby           
Backup : Jared Moe                

Extra Forwards
Normal : Egor Afanasyev, Luca Del Bel Belluz, Jack McBain - PP : Egor Afanasyev, Luca Del Bel Belluz - PK : Egor Afanasyev
Extra Defensemen
Normal : Louis Crevier, Ryan Johnson, Reilly Walsh - PP : Louis Crevier - PK : Louis Crevier, Ryan Johnson
Penalty Shots
Egor Afanasyev, Alex Steeves, Ryan Winterton, Adam Klapka, James Malatesta

Scratches
Tyler Kleven (Healthy), Tyrel Bauer (Healthy), Lukas Rousek (Healthy), Isaac Poulter (Healthy), Colten Ellis (Healthy)

Tucson Roadrunners

5 vs 5 Forward 
   Center                   Left Wing                Right Wing               Time % Phy DF OF 
 1 Anthony Richard          Brock McGinn             Sheldon Dries            30     1   2  2  
 2 Walker Duehr             Steven Lorentz           Mike Hardman             30     1   2  2  
 3 Gage Goncalves           Owen Sillinger           Ben Jones                25     1   2  2  
 4 Zach Dean                Ondrej Pavel             Brock McGinn             15     1   2  2  

5 vs 5 Defense 
   Defense                  Defense                                           Time % Phy DF OF 
 1 Johnathan Kovacevic      Tyson Barrie                                      30     1   2  2  
 2 Robert Hagg              Maxwell Crozier                                   30     1   2  2  
 3 Maksymilian Szuber       Topias Vilen                                      25     1   2  2  
 4 Johnathan Kovacevic      Tyson Barrie                                      15     1   2  2  

PowerPlay Forward 
   Center                   Left Wing                Right Wing               Time % Phy DF OF 
 1 Anthony Richard          Brock McGinn             Sheldon Dries            50     1   2  2  
 2 Walker Duehr             Steven Lorentz           Mike Hardman             50     1   2  2  

PowerPlay Defense
   Defense                  Defense                                           Time % Phy DF OF 
 1 Johnathan Kovacevic      Tyson Barrie                                      50     1   2  2  
 2 Robert Hagg              Maxwell Crozier                                   50     1   2  2  

Penalty Kill 4 Players Forward 
   Center                   Wing                     Time % Phy DF OF 
 1 Brock McGinn             Anthony Richard          50     1   2  2  
 2 Sheldon Dries            Walker Duehr             50     1   2  2  

Penalty Kill 4 Players Defense
   Defense                  Defense                  Time % Phy DF OF 
 1 Johnathan Kovacevic      Tyson Barrie             50     1   2  2  
 2 Robert Hagg              Maxwell Crozier          50     1   2  2  

Penalty Kill - 3 Players Forward 
   Forward                                           Time % Phy DF OF 
 1 Brock McGinn                                      50     1   2  2  
 2 Anthony Richard                                   50     1   2  2  

Penalty Kill - 3 Players Defense
   Defense                  Defense                  Time % Phy DF OF 
 1 Johnathan Kovacevic      Tyson Barrie             50     1   2  2  
 2 Robert Hagg              Maxwell Crozier          50     1   2  2  

4 vs 4 Forward 
   Center                   Wing                     Time % Phy DF OF 
 1 Brock McGinn             Anthony Richard          50     1   2  2  
 2 Sheldon Dries            Walker Duehr             50     1   2  2  

4 vs 4 Defense
   Defense                  Defense                  Time % Phy DF OF 
 1 Johnathan Kovacevic      Tyson Barrie             50     1   2  2  
 2 Robert Hagg              Maxwell Crozier          50     1   2  2  

Last Minutes Offensive
   Center                   Left Wing                Right Wing               Defense                  Defense                  
   Anthony Richard          Brock McGinn             Sheldon Dries            Johnathan Kovacevic      Tyson Barrie             

Last Minutes Defensive
   Center                   Left Wing                Right Wing               Defense                  Defense                  
   Anthony Richard          Brock McGinn             Sheldon Dries            Johnathan Kovacevic      Tyson Barrie             

Goaltenders
Starting : Hunter Shepard           
Backup : Kaapo Kahkonen           

Extra Forwards
Normal : Tanner Dickinson, Gage Goncalves, Owen Sillinger - PP : Tanner Dickinson, Gage Goncalves - PK : Owen Sillinger
Extra Defensemen
Normal : Maksymilian Szuber, Topias Vilen, Robert Hagg - PP : Maksymilian Szuber - PK : Topias Vilen, Robert Hagg
Penalty Shots
Brock McGinn, Anthony Richard, Sheldon Dries, Walker Duehr, Steven Lorentz

Scratches
Samuel Knazko (Healthy), Jack Matier (Healthy), Lleyton Moore (Healthy), Chase Wheatcroft (Healthy), Corson Ceulemans (Healthy)
Trevor Kuntar (Healthy), Hunter Drew (Healthy), Magnus Chrona (Healthy), Georgi Romanov (Healthy), Kevin Mandolese (Healthy)
Arturs Silovs (Healthy)

% Time on Ice - Philadelphia Phantoms

Lines # - Real PCT - Wanted PCT - Time Play
Normal Forward
1 - 26% - 25% - 13:19
2 - 26% - 25% - 13:21
3 - 23% - 25% - 12:05
4 - 25% - 25% - 12:58
Normal Defense
1 - 35% - 35% - 18:00
2 - 34% - 35% - 17:50
3 - 29% - 30% - 14:53
4 - 2% - 0% - 1:00
PP Forward
1 - 52% - 50% - 3:08
2 - 48% - 50% - 2:54
PP Defense
1 - 46% - 50% - 2:46
2 - 54% - 50% - 3:16
PK Forward
1 - 49% - 50% - 1:06
2 - 51% - 50% - 1:09
PK Defense
1 - 54% - 50% - 1:13
2 - 46% - 50% - 1:02
PK3 Forward
1 - 0% - 50%
2 - 0% - 50%
PK3 Defense
1 - 0% - 50%
2 - 0% - 50%
44 Forward
1 - 0% - 50%
2 - 0% - 50%
44 Defense
1 - 0% - 50%
2 - 0% - 50%
Last Minute Offensive  - 0:00
Last Minute Defensive  - 0:00
Total
Forward - 60:00
Defense - 60:00

% Time on Ice - Tucson Roadrunners

Lines # - Real PCT - Wanted PCT - Time Play
Normal Forward
1 - 25% - 30% - 13:04
2 - 31% - 30% - 15:50
3 - 28% - 25% - 14:19
4 - 16% - 15% - 8:30
Normal Defense
1 - 30% - 30% - 15:26
2 - 31% - 30% - 16:05
3 - 26% - 25% - 13:40
4 - 13% - 15% - 6:32
PP Forward
1 - 51% - 50% - 1:09
2 - 49% - 50% - 1:06
PP Defense
1 - 49% - 50% - 1:06
2 - 51% - 50% - 1:09
PK Forward
1 - 52% - 50% - 3:08
2 - 48% - 50% - 2:54
PK Defense
1 - 59% - 50% - 3:35
2 - 41% - 50% - 2:27
PK3 Forward
1 - 0% - 50%
2 - 0% - 50%
PK3 Defense
1 - 0% - 50%
2 - 0% - 50%
44 Forward
1 - 0% - 50%
2 - 0% - 50%
44 Defense
1 - 0% - 50%
2 - 0% - 50%
Last Minute Offensive  - 0:00
Last Minute Defensive  - 0:00
Total
Forward - 60:00
Defense - 60:00

Play-by-Play

1st period


0:01 of 1st period - Egor Afanasyev wins face-off versus Anthony Richard in neutral zone.
0:18 of 1st period - Icing by Zac Jones.
0:19 of 1st period - Egor Afanasyev wins face-off versus Walker Duehr in Philadelphia Phantoms zone.
1:53 of 1st period - Snap shot by Walker Duehr.
1:53 of 1st period - Stopped by Dennis Hildeby without a rebound.
1:54 of 1st period - Jack McBain wins face-off versus Walker Duehr in Philadelphia Phantoms zone.
2:19 of 1st period - Tyson Barrie is hit by Ryan Johnson and loses puck.
3:21 of 1st period - Slapshot by Nils Aman.
3:21 of 1st period - Stopped by Hunter Shepard with a rebound.
3:35 of 1st period - Snap shot by Tye Kartye.
3:35 of 1st period - Shot Misses the Net.
5:24 of 1st period - Marcus Bjork is hit by Topias Vilen and loses puck.
5:58 of 1st period - Steven Lorentz is hit by Alex Steeves and loses puck.
6:21 of 1st period - Tyson Barrie is hit by James Malatesta and loses puck.
6:28 of 1st period - Wrist shot by Jaret Anderson-Dolan.
6:28 of 1st period - Deflect By Luca Del Bel Belluz.
6:28 of 1st period - Shot Blocked by Johnathan Kovacevic.
6:28 of 1st period - Puck is out of play.
6:29 of 1st period - Jack McBain wins face-off versus Walker Duehr in Tucson Roadrunners zone.
6:32 of 1st period - Snap shot by Nils Aman.
6:32 of 1st period - Shot Blocked by Steven Lorentz.
6:34 of 1st period - Slapshot by Louis Crevier.
6:34 of 1st period - Shot Blocked by Robert Hagg.
6:36 of 1st period - Slapshot by Louis Crevier.
6:36 of 1st period - Shot Blocked by Robert Hagg.
6:38 of 1st period - Snap shot by Jack McBain.
6:38 of 1st period - Shot Misses the Net.
6:40 of 1st period - Wrist shot by Jack McBain.
6:40 of 1st period - Shot Blocked by Steven Lorentz.
6:42 of 1st period - Wrist shot by Jack McBain.
6:42 of 1st period - Stopped by Hunter Shepard without a rebound.
6:43 of 1st period - Gage Goncalves wins face-off versus Adam Klapka in Tucson Roadrunners zone.
6:43 of 1st period - Gage Goncalves is hit by Ryan Winterton.
6:48 of 1st period - Ben Jones and Adam Klapka fight to a draw.
6:48 of 1st period - Penalty to Ben Jones for Fighting.
6:48 of 1st period - Penalty to Adam Klapka for Fighting.
6:49 of 1st period - Sheldon Dries wins face-off versus Luca Del Bel Belluz in Philadelphia Phantoms zone.
6:58 of 1st period - Slapshot by Brock McGinn.
6:58 of 1st period - Stopped by Dennis Hildeby with a rebound.
7:00 of 1st period - Snap shot by Sheldon Dries.
7:00 of 1st period - Stopped by Dennis Hildeby without a rebound.
7:01 of 1st period - Egor Afanasyev wins face-off versus Anthony Richard in Philadelphia Phantoms zone.
7:14 of 1st period - Snap shot by Matt Rempe.
7:14 of 1st period - Shot Hit the Post.
7:45 of 1st period - Wrist shot by Sheldon Dries.
7:45 of 1st period - Shot Blocked by Nils Aman.
7:47 of 1st period - Slapshot by Robert Hagg.
7:47 of 1st period - Stopped by Dennis Hildeby without a rebound.
7:48 of 1st period - Walker Duehr wins face-off versus Jack McBain in Philadelphia Phantoms zone.
7:58 of 1st period - Snap shot by Topias Vilen.
7:58 of 1st period - Deflect By Mike Hardman.
7:58 of 1st period - Shot Blocked by Tye Kartye.
7:58 of 1st period - Puck is out of play.
7:59 of 1st period - Egor Afanasyev wins face-off versus Gage Goncalves in Philadelphia Phantoms zone.
7:59 of 1st period - Egor Afanasyev is hit by Gage Goncalves.
8:11 of 1st period - Wrist shot by Egor Afanasyev.
8:11 of 1st period - Stopped by Hunter Shepard with a rebound.
8:13 of 1st period - Snap shot by Matt Rempe.
8:13 of 1st period - Shot Misses the Net.
8:15 of 1st period - Wrist shot by Egor Afanasyev.
8:15 of 1st period - Stopped by Hunter Shepard with a rebound.
8:25 of 1st period - Nils Aman is hit by Mike Hardman and loses puck.
8:30 of 1st period - Snap shot by Mike Hardman.
8:30 of 1st period - Stopped by Dennis Hildeby with a rebound.
8:32 of 1st period - Snap shot by Mike Hardman.
8:32 of 1st period - Shot Misses the Net.
8:48 of 1st period - Snap shot by Anthony Richard.
8:48 of 1st period - Stopped by Dennis Hildeby with a rebound.
9:11 of 1st period - Wrist shot by Jack McBain.
9:11 of 1st period - Shot Blocked by Anthony Richard.
9:41 of 1st period - Backhand shot by Tye Kartye.
9:41 of 1st period - Shot Misses the Net.
9:43 of 1st period - Slapshot by Nick Blankenburg.
9:43 of 1st period - Stopped by Hunter Shepard without a rebound.
9:44 of 1st period - Walker Duehr wins face-off versus James Malatesta in Tucson Roadrunners zone.
10:09 of 1st period - Zac Jones is hit by Johnathan Kovacevic and loses puck.
10:32 of 1st period - Slapshot by Egor Afanasyev.
10:32 of 1st period - Shot Hit the Post.
11:42 of 1st period - Anthony Richard is hit by Reilly Walsh and loses puck.
12:28 of 1st period - Icing by Ben Jones.
12:29 of 1st period - Zach Dean wins face-off versus Adam Klapka in Tucson Roadrunners zone.
13:21 of 1st period - Slapshot by Walker Duehr.
13:21 of 1st period - Shot Blocked by Marcus Bjork.
13:37 of 1st period - Zac Jones is hit by Sheldon Dries and loses puck.
13:44 of 1st period - Brock McGinn is hit by Jack McBain and loses puck.
14:03 of 1st period - Wrist shot by Jack McBain.
14:03 of 1st period - Shot Misses the Net.
14:05 of 1st period - Wrist shot by Nils Aman.
14:05 of 1st period - Stopped by Hunter Shepard with a rebound.
14:13 of 1st period - Slapshot by Jack McBain.
14:13 of 1st period - Shot Misses the Net.
14:21 of 1st period - Wrist shot by Jack McBain.
14:21 of 1st period - Stopped by Hunter Shepard with a rebound.
14:25 of 1st period - Wrist shot by Nils Aman.
14:25 of 1st period - Shot Blocked by Topias Vilen.
14:33 of 1st period - Slapshot by Tye Kartye.
14:33 of 1st period - Deflect By Jack McBain.
14:33 of 1st period - Shot Misses the Net.
14:33 of 1st period - Puck is out of play.
14:34 of 1st period - Walker Duehr wins face-off versus Luca Del Bel Belluz in Tucson Roadrunners zone.
14:36 of 1st period - Minor Penalty to Walker Duehr for Interference.
14:37 of 1st period - Egor Afanasyev wins face-off versus Sheldon Dries in Tucson Roadrunners zone.
16:05 of 1st period - Tyson Barrie is hit by Louis Crevier and loses puck.
16:28 of 1st period - Maxwell Crozier is hit by James Malatesta and loses puck.
16:36 of 1st period - Penalty to Walker Duehr is over, Walker Duehr is back on ice.
17:01 of 1st period - Wrist shot by Ben Jones.
17:01 of 1st period - Shot Misses the Net.
17:29 of 1st period - Ryan Winterton is hit by Owen Sillinger and loses puck.
18:01 of 1st period - Off-side.
18:02 of 1st period - Luca Del Bel Belluz wins face-off versus Walker Duehr in neutral zone.
18:28 of 1st period - Adam Klapka is hit by Owen Sillinger and loses puck.
19:04 of 1st period - Egor Afanasyev is hit by Mike Hardman and loses puck.
19:13 of 1st period - Snap shot by Walker Duehr.
19:13 of 1st period - Goal by Walker Duehr - Philadelphia Phantoms : 0 - Tucson Roadrunners : 1.
19:14 of 1st period - Luca Del Bel Belluz wins face-off versus Walker Duehr in neutral zone.
19:23 of 1st period - Off-side.
19:24 of 1st period - Walker Duehr wins face-off versus Luca Del Bel Belluz in neutral zone.
19:29 of 1st period - Wrist shot by Walker Duehr.
19:29 of 1st period - Shot Misses the Net.
19:31 of 1st period - Snap shot by Steven Lorentz.
19:31 of 1st period - Shot Blocked by Reilly Walsh.
19:39 of 1st period - Slapshot by Steven Lorentz.
19:39 of 1st period - Shot Misses the Net.
19:41 of 1st period - Wrist shot by Mike Hardman.
19:41 of 1st period - Shot Misses the Net.
19:43 of 1st period - Snap shot by Mike Hardman.
19:43 of 1st period - Stopped by Dennis Hildeby with a rebound.
19:45 of 1st period - Wrist shot by Mike Hardman.
19:45 of 1st period - Shot Misses the Net.
19:47 of 1st period - Slapshot by Johnathan Kovacevic.
19:47 of 1st period - Stopped by Dennis Hildeby without a rebound.
19:48 of 1st period - Adam Klapka wins face-off versus Gage Goncalves in Philadelphia Phantoms zone.
19:50 of 1st period - Minor Penalty to Matt Rempe for Hooking.
19:51 of 1st period - Jack McBain wins face-off versus Anthony Richard in Philadelphia Phantoms zone.
Goals for this period are 0 for Philadelphia Phantoms vs 1 for Tucson Roadrunners.
Shots for this period are 7 for Philadelphia Phantoms vs 9 for Tucson Roadrunners.

2nd period


0:01 of 2nd period - Walker Duehr wins face-off versus Jack McBain in neutral zone.
0:06 of 2nd period - Snap shot by Walker Duehr.
0:06 of 2nd period - Goal by Walker Duehr - Philadelphia Phantoms : 0 - Tucson Roadrunners : 2.
0:07 of 2nd period - Mike Hardman wins face-off versus Luca Del Bel Belluz in neutral zone.
0:15 of 2nd period - Wrist shot by Steven Lorentz.
0:15 of 2nd period - Stopped by Dennis Hildeby with a rebound.
0:17 of 2nd period - Snap shot by Walker Duehr.
0:17 of 2nd period - Stopped by Dennis Hildeby without a rebound.
0:18 of 2nd period - Owen Sillinger wins face-off versus Luca Del Bel Belluz in Philadelphia Phantoms zone.
0:54 of 2nd period - Snap shot by Egor Afanasyev.
0:54 of 2nd period - Goal by Egor Afanasyev - Philadelphia Phantoms : 1 - Tucson Roadrunners : 2.
0:55 of 2nd period - Adam Klapka wins face-off versus Anthony Richard in neutral zone.
1:06 of 2nd period - Johnathan Kovacevic is hit by Matt Rempe and loses puck.
1:22 of 2nd period - Off-side.
1:23 of 2nd period - Luca Del Bel Belluz wins face-off versus Walker Duehr in neutral zone.
1:51 of 2nd period - Snap shot by Alex Steeves.
1:51 of 2nd period - Shot Misses the Net.
1:53 of 2nd period - Slapshot by Juuso Parssinen.
1:53 of 2nd period - Shot Misses the Net.
1:55 of 2nd period - Slapshot by Reilly Walsh.
1:55 of 2nd period - Shot Misses the Net.
1:59 of 2nd period - Wrist shot by Alex Steeves.
1:59 of 2nd period - Shot Blocked by Gage Goncalves.
2:42 of 2nd period - Steven Lorentz is hit by Tye Kartye and loses puck.
2:59 of 2nd period - Slapshot by Jaret Anderson-Dolan.
2:59 of 2nd period - Shot Misses the Net.
3:01 of 2nd period - Backhand shot by Marcus Bjork.
3:01 of 2nd period - Shot Blocked by Topias Vilen.
3:03 of 2nd period - Wrist shot by Marcus Bjork.
3:03 of 2nd period - Shot Misses the Net.
3:05 of 2nd period - Wrist shot by James Malatesta.
3:05 of 2nd period - Deflect By Jaret Anderson-Dolan.
3:05 of 2nd period - Stopped by Hunter Shepard without a rebound.
3:06 of 2nd period - Egor Afanasyev wins face-off versus Gage Goncalves in Tucson Roadrunners zone.
3:07 of 2nd period - Wrist shot by Alex Steeves.
3:07 of 2nd period - Stopped by Hunter Shepard with a rebound.
3:17 of 2nd period - Slapshot by Tyson Barrie.
3:17 of 2nd period - Deflect By Owen Sillinger.
3:17 of 2nd period - Stopped by Dennis Hildeby without a rebound.
3:18 of 2nd period - Anthony Richard wins face-off versus Adam Klapka in Philadelphia Phantoms zone.
3:19 of 2nd period - Wrist shot by Brock McGinn.
3:19 of 2nd period - Shot Misses the Net.
3:27 of 2nd period - Snap shot by Matt Rempe.
3:27 of 2nd period - Shot Misses the Net.
3:29 of 2nd period - Slapshot by Louis Crevier.
3:29 of 2nd period - Stopped by Hunter Shepard with a rebound.
3:31 of 2nd period - Snap shot by Ryan Winterton.
3:31 of 2nd period - Deflect By Matt Rempe.
3:31 of 2nd period - Stopped by Hunter Shepard without a rebound.
3:32 of 2nd period - Egor Afanasyev wins face-off versus Gage Goncalves in Tucson Roadrunners zone.
3:59 of 2nd period - Tyson Barrie is hit by Matt Rempe and loses puck.
4:26 of 2nd period - Robert Hagg is hit by Jaret Anderson-Dolan and loses puck.
4:49 of 2nd period - Snap shot by Gage Goncalves.
4:49 of 2nd period - Shot Hit the Post.
5:26 of 2nd period - Wrist shot by Tye Kartye.
5:26 of 2nd period - Stopped by Hunter Shepard with a rebound.
5:28 of 2nd period - Slapshot by Jack McBain.
5:28 of 2nd period - Shot Blocked by Robert Hagg.
5:30 of 2nd period - Snap shot by Nils Aman.
5:30 of 2nd period - Stopped by Hunter Shepard with a rebound.
5:32 of 2nd period - Slapshot by Reilly Walsh.
5:32 of 2nd period - Stopped by Hunter Shepard with a rebound.
5:34 of 2nd period - Snap shot by Reilly Walsh.
5:34 of 2nd period - Shot Blocked by Zach Dean.
5:36 of 2nd period - Wrist shot by Tye Kartye.
5:36 of 2nd period - Shot Misses the Net.
5:38 of 2nd period - Slapshot by Reilly Walsh.
5:38 of 2nd period - Stopped by Hunter Shepard with a rebound.
5:51 of 2nd period - Off-side.
5:52 of 2nd period - Luca Del Bel Belluz wins face-off versus Walker Duehr in neutral zone.
6:01 of 2nd period - Wrist shot by Jaret Anderson-Dolan.
6:01 of 2nd period - Shot Misses the Net.
6:03 of 2nd period - Slapshot by Marcus Bjork.
6:03 of 2nd period - Shot Misses the Net.
6:05 of 2nd period - Slapshot by Zac Jones.
6:05 of 2nd period - Stopped by Hunter Shepard without a rebound.
6:06 of 2nd period - Gage Goncalves wins face-off versus Adam Klapka in Tucson Roadrunners zone.
6:33 of 2nd period - Icing by Alex Steeves.
6:34 of 2nd period - Egor Afanasyev wins face-off versus Walker Duehr in Philadelphia Phantoms zone.
7:13 of 2nd period - Slapshot by Steven Lorentz.
7:13 of 2nd period - Stopped by Dennis Hildeby with a rebound.
8:14 of 2nd period - Wrist shot by Egor Afanasyev.
8:14 of 2nd period - Stopped by Hunter Shepard with a rebound.
8:16 of 2nd period - Slapshot by Egor Afanasyev.
8:16 of 2nd period - Deflect By Mike Hardman.
8:16 of 2nd period - Stopped by Hunter Shepard with a rebound.
8:18 of 2nd period - Slapshot by Egor Afanasyev.
8:18 of 2nd period - Shot Blocked by Topias Vilen.
8:22 of 2nd period - Slapshot by Egor Afanasyev.
8:22 of 2nd period - Stopped by Hunter Shepard with a rebound.
8:27 of 2nd period - Minor Penalty to Walker Duehr for Cross-checking.
8:28 of 2nd period - Brock McGinn wins face-off versus Jack McBain in Tucson Roadrunners zone.
10:27 of 2nd period - Penalty to Walker Duehr is over, Walker Duehr is back on ice.
10:44 of 2nd period - Owen Sillinger is hit by Adam Klapka and loses puck.
13:02 of 2nd period - Icing by Jack McBain.
13:03 of 2nd period - Adam Klapka wins face-off versus Anthony Richard in Philadelphia Phantoms zone.
13:08 of 2nd period - Snap shot by Nick Blankenburg.
13:08 of 2nd period - Stopped by Hunter Shepard with a rebound.
13:22 of 2nd period - Alex Steeves is hit by Walker Duehr and loses puck.
14:10 of 2nd period - Off-side.
14:11 of 2nd period - Adam Klapka wins face-off versus Gage Goncalves in neutral zone.
14:28 of 2nd period - Snap shot by Owen Sillinger.
14:28 of 2nd period - Shot Blocked by Ryan Johnson.
15:35 of 2nd period - Johnathan Kovacevic is hit by Juuso Parssinen and loses puck.
16:02 of 2nd period - Snap shot by Luca Del Bel Belluz.
16:02 of 2nd period - Deflect By Mike Hardman.
16:02 of 2nd period - Stopped by Hunter Shepard without a rebound.
16:03 of 2nd period - Walker Duehr wins face-off versus Luca Del Bel Belluz in Tucson Roadrunners zone.
16:03 of 2nd period - Walker Duehr is hit by James Malatesta.
16:15 of 2nd period - Snap shot by Steven Lorentz.
16:15 of 2nd period - Shot Misses the Net.
16:17 of 2nd period - Wrist shot by Mike Hardman.
16:17 of 2nd period - Shot Misses the Net.
16:19 of 2nd period - Slapshot by Topias Vilen.
16:19 of 2nd period - Deflect By Walker Duehr.
16:19 of 2nd period - Shot Misses the Net.
16:19 of 2nd period - Puck is out of play.
16:20 of 2nd period - Anthony Richard wins face-off versus Adam Klapka in Philadelphia Phantoms zone.
16:21 of 2nd period - Snap shot by Sheldon Dries.
16:21 of 2nd period - Shot Misses the Net.
16:23 of 2nd period - Snap shot by Maxwell Crozier.
16:23 of 2nd period - Deflect By Anthony Richard.
16:23 of 2nd period - Goal by Anthony Richard - Philadelphia Phantoms : 1 - Tucson Roadrunners : 3.
16:24 of 2nd period - Luca Del Bel Belluz wins face-off versus Anthony Richard in neutral zone.
17:01 of 2nd period - Minor Penalty to Owen Sillinger for Cross-checking.
17:02 of 2nd period - Egor Afanasyev wins face-off versus Sheldon Dries in Tucson Roadrunners zone.
17:02 of 2nd period - Snap shot by Tye Kartye.
17:02 of 2nd period - Goal by Tye Kartye - Philadelphia Phantoms : 2 - Tucson Roadrunners : 3.
17:03 of 2nd period - Luca Del Bel Belluz wins face-off versus Anthony Richard in neutral zone.
17:32 of 2nd period - Wrist shot by Adam Klapka.
17:32 of 2nd period - Shot Misses the Net.
17:34 of 2nd period - Slapshot by Adam Klapka.
17:34 of 2nd period - Shot Blocked by Gage Goncalves.
17:36 of 2nd period - Snap shot by Adam Klapka.
17:36 of 2nd period - Stopped by Hunter Shepard without a rebound.
17:37 of 2nd period - Anthony Richard wins face-off versus Jack McBain in Tucson Roadrunners zone.
18:02 of 2nd period - Brock McGinn is hit by Matt Rempe and loses puck.
18:15 of 2nd period - Wrist shot by Matt Rempe.
18:15 of 2nd period - Stopped by Hunter Shepard with a rebound.
18:21 of 2nd period - Slapshot by Maxwell Crozier.
18:21 of 2nd period - Stopped by Dennis Hildeby without a rebound.
18:22 of 2nd period - Luca Del Bel Belluz wins face-off versus Gage Goncalves in Philadelphia Phantoms zone.
19:18 of 2nd period - Minor Penalty to Ryan Winterton for Elbowing.
19:19 of 2nd period - Egor Afanasyev wins face-off versus Walker Duehr in Philadelphia Phantoms zone.
19:45 of 2nd period - Wrist shot by Tyson Barrie.
19:45 of 2nd period - Stopped by Dennis Hildeby without a rebound.
19:46 of 2nd period - Egor Afanasyev wins face-off versus Anthony Richard in Philadelphia Phantoms zone.
19:55 of 2nd period - Wrist shot by Nils Aman.
19:55 of 2nd period - Shot Misses the Net.
Goals for this period are 2 for Philadelphia Phantoms vs 2 for Tucson Roadrunners.
Shots for this period are 18 for Philadelphia Phantoms vs 8 for Tucson Roadrunners.

3rd period


0:01 of 3rd period - Jack McBain wins face-off versus Walker Duehr in neutral zone.
0:04 of 3rd period - Wrist shot by Zac Jones.
0:04 of 3rd period - Stopped by Hunter Shepard with a rebound.
0:16 of 3rd period - Snap shot by Tyson Barrie.
0:16 of 3rd period - Shot Blocked by Zac Jones.
1:18 of 3rd period - Penalty to Ryan Winterton is over, Ryan Winterton is back on ice.
1:23 of 3rd period - Ryan Winterton is hit by Ben Jones and loses puck.
2:00 of 3rd period - Slapshot by Ryan Johnson.
2:00 of 3rd period - Shot Blocked by Owen Sillinger.
2:06 of 3rd period - Snap shot by Jack McBain.
2:06 of 3rd period - Shot Blocked by Maksymilian Szuber.
2:54 of 3rd period - Snap shot by Owen Sillinger.
2:54 of 3rd period - Shot Misses the Net.
2:56 of 3rd period - Wrist shot by Ben Jones.
2:56 of 3rd period - Stopped by Dennis Hildeby without a rebound.
2:57 of 3rd period - Anthony Richard wins face-off versus Juuso Parssinen in Philadelphia Phantoms zone.
2:58 of 3rd period - Slapshot by Tyson Barrie.
2:58 of 3rd period - Stopped by Dennis Hildeby with a rebound.
4:37 of 3rd period - Robert Hagg is hit by Adam Klapka and loses puck.
4:48 of 3rd period - Louis Crevier is hit by Zach Dean and loses puck.
6:10 of 3rd period - Adam Klapka is hit by Anthony Richard and loses puck.
6:59 of 3rd period - Nick Blankenburg is hit by Brock McGinn and loses puck.
7:12 of 3rd period - Reilly Walsh is hit by Mike Hardman and loses puck.
8:12 of 3rd period - Marcus Bjork is hit by Walker Duehr and loses puck.
8:23 of 3rd period - Marcus Bjork is hit by Gage Goncalves and loses puck.
9:29 of 3rd period - Louis Crevier is hit by Gage Goncalves and loses puck.
9:42 of 3rd period - Sheldon Dries is hit by Jack McBain and loses puck.
9:53 of 3rd period - Luca Del Bel Belluz is hit by Ondrej Pavel.
9:57 of 3rd period - James Malatesta is hit by Brock McGinn and loses puck.
10:19 of 3rd period - Nils Aman is hit by Gage Goncalves and loses puck.
10:46 of 3rd period - Juuso Parssinen is hit by Sheldon Dries and loses puck.
11:01 of 3rd period - Ryan Johnson is hit by Brock McGinn and loses puck.
11:27 of 3rd period - Slapshot by Tyson Barrie.
11:27 of 3rd period - Deflect By Matt Rempe.
11:27 of 3rd period - Stopped by Dennis Hildeby without a rebound.
11:28 of 3rd period - Walker Duehr wins face-off versus Tye Kartye in Philadelphia Phantoms zone.
11:31 of 3rd period - Snap shot by Walker Duehr.
11:31 of 3rd period - Shot Blocked by Tye Kartye.
12:20 of 3rd period - Slapshot by Jack McBain.
12:20 of 3rd period - Shot Misses the Net.
12:58 of 3rd period - Snap shot by Tyson Barrie.
12:58 of 3rd period - Shot Misses the Net.
13:32 of 3rd period - Wrist shot by Steven Lorentz.
13:32 of 3rd period - Stopped by Dennis Hildeby without a rebound.
13:33 of 3rd period - Luca Del Bel Belluz wins face-off versus Anthony Richard in Philadelphia Phantoms zone.
14:02 of 3rd period - Minor Penalty to Gage Goncalves for Interference.
14:03 of 3rd period - Anthony Richard wins face-off versus Egor Afanasyev in Tucson Roadrunners zone.
14:11 of 3rd period - Slapshot by Alex Steeves.
14:11 of 3rd period - Shot Misses the Net.
14:13 of 3rd period - Wrist shot by Ryan Johnson.
14:13 of 3rd period - Deflect By Luca Del Bel Belluz.
14:13 of 3rd period - Stopped by Hunter Shepard with a rebound.
14:15 of 3rd period - Slapshot by Zac Jones.
14:15 of 3rd period - Deflect By Brock McGinn.
14:15 of 3rd period - Stopped by Hunter Shepard without a rebound.
14:16 of 3rd period - Brock McGinn wins face-off versus Egor Afanasyev in Tucson Roadrunners zone.
14:27 of 3rd period - Backhand shot by Luca Del Bel Belluz.
14:27 of 3rd period - Shot Hit the Post.
14:29 of 3rd period - Snap shot by Alex Steeves.
14:29 of 3rd period - Shot Misses the Net.
14:31 of 3rd period - Slapshot by Luca Del Bel Belluz.
14:31 of 3rd period - Goal by Luca Del Bel Belluz - Philadelphia Phantoms : 3 - Tucson Roadrunners : 3.
14:32 of 3rd period - Anthony Richard wins face-off versus Luca Del Bel Belluz in neutral zone.
14:46 of 3rd period - Ryan Johnson is hit by Robert Hagg and loses puck.
15:01 of 3rd period - Slapshot by Nick Blankenburg.
15:01 of 3rd period - Stopped by Hunter Shepard without a rebound.
15:02 of 3rd period - Adam Klapka wins face-off versus Gage Goncalves in Tucson Roadrunners zone.
15:26 of 3rd period - Zac Jones is hit by Tyson Barrie and loses puck.
15:53 of 3rd period - Snap shot by Adam Klapka.
15:53 of 3rd period - Stopped by Hunter Shepard without a rebound.
15:54 of 3rd period - Zach Dean wins face-off versus Luca Del Bel Belluz in Tucson Roadrunners zone.
16:01 of 3rd period - Slapshot by Tyson Barrie.
16:01 of 3rd period - Deflect By Brock McGinn.
16:01 of 3rd period - Shot Misses the Net.
16:01 of 3rd period - Puck is out of play.
16:02 of 3rd period - Zach Dean wins face-off versus Luca Del Bel Belluz in Philadelphia Phantoms zone.
16:09 of 3rd period - Slapshot by Tyson Barrie.
16:09 of 3rd period - Shot Misses the Net.
16:11 of 3rd period - Snap shot by Ondrej Pavel.
16:11 of 3rd period - Deflect By Nick Blankenburg.
16:11 of 3rd period - Shot Misses the Net.
16:11 of 3rd period - Puck is out of play.
16:12 of 3rd period - Zach Dean wins face-off versus Luca Del Bel Belluz in Philadelphia Phantoms zone.
16:17 of 3rd period - Snap shot by Tyson Barrie.
16:17 of 3rd period - Shot Misses the Net.
16:23 of 3rd period - Slapshot by Tyson Barrie.
16:23 of 3rd period - Stopped by Dennis Hildeby without a rebound.
16:24 of 3rd period - Gage Goncalves wins face-off versus Luca Del Bel Belluz in Philadelphia Phantoms zone.
16:31 of 3rd period - James Malatesta is hit by Ben Jones and loses puck.
16:38 of 3rd period - Slapshot by Tyson Barrie.
16:38 of 3rd period - Deflect By James Malatesta.
16:38 of 3rd period - Stopped by Dennis Hildeby without a rebound.
16:39 of 3rd period - Zach Dean wins face-off versus Adam Klapka in Philadelphia Phantoms zone.
16:50 of 3rd period - Slapshot by Ryan Johnson.
16:50 of 3rd period - Deflect By Tyson Barrie.
16:50 of 3rd period - Stopped by Hunter Shepard with a rebound.
16:52 of 3rd period - Slapshot by Nick Blankenburg.
16:52 of 3rd period - Stopped by Hunter Shepard without a rebound.
16:53 of 3rd period - Gage Goncalves wins face-off versus Luca Del Bel Belluz in Tucson Roadrunners zone.
16:58 of 3rd period - Snap shot by Johnathan Kovacevic.
16:58 of 3rd period - Shot Blocked by Ryan Johnson.
17:00 of 3rd period - Slapshot by Johnathan Kovacevic.
17:00 of 3rd period - Stopped by Dennis Hildeby with a rebound.
17:02 of 3rd period - Wrist shot by Gage Goncalves.
17:02 of 3rd period - Goal by Gage Goncalves - Philadelphia Phantoms : 3 - Tucson Roadrunners : 4.
17:03 of 3rd period - Luca Del Bel Belluz wins face-off versus Zach Dean in neutral zone.
17:06 of 3rd period - Tyson Barrie is hit by James Malatesta and loses puck.
17:29 of 3rd period - Snap shot by Owen Sillinger.
17:29 of 3rd period - Shot Misses the Net.
17:31 of 3rd period - Slapshot by Ben Jones.
17:31 of 3rd period - Shot Misses the Net.
17:55 of 3rd period - Juuso Parssinen is hit by Walker Duehr and loses puck.
18:08 of 3rd period - Sheldon Dries is hit by Nils Aman and loses puck.
18:17 of 3rd period - Zac Jones is hit by Anthony Richard.
18:25 of 3rd period - Minor Penalty to Sheldon Dries for High sticking.
18:26 of 3rd period - Egor Afanasyev wins face-off versus Owen Sillinger in Tucson Roadrunners zone.
18:27 of 3rd period - Slapshot by Alex Steeves.
18:27 of 3rd period - Shot Misses the Net.
18:37 of 3rd period - Philadelphia Phantoms, Dennis Hildeby is pulled from the net.
18:37 of 3rd period - Snap shot by Alex Steeves.
18:37 of 3rd period - Stopped by Hunter Shepard without a rebound.
18:38 of 3rd period - Owen Sillinger wins face-off versus Egor Afanasyev in Tucson Roadrunners zone.
19:45 of 3rd period - Backhand shot by Walker Duehr.
19:45 of 3rd period - Shot Blocked by Louis Crevier.
Goals for this period are 1 for Philadelphia Phantoms vs 1 for Tucson Roadrunners.
Shots for this period are 9 for Philadelphia Phantoms vs 8 for Tucson Roadrunners.